Map: Green Acres

Players

RedKitten

  • Race: Terran Terran
  • Spawn Location: 3:00

BDK

  • Race: Zerg Zerg
  • League: Platinum
  • Spawn Location: 12:00

Gracz

  • Race: Terran Terran
  • Spawn Location: 1:00

Dannysh - Winner!

  • Race: Terran Terran
  • Spawn Location: 7:00

BoilOver - Winner!

  • Race: Terran Terran
  • Spawn Location: 6:00

Kabelino - Winner!

  • Race: Terran Terran
  • Spawn Location: 9:00

VOD

Have the link to the VOD?

Description

Time

  • Played on: March 5, 2016, 6:39 p.m.
  • Length: 8:04
Show
View Real Time Build Order
Export as new Build Order

RedKitten Terran 

Build Orders:  

Get SALT Encoding   

  12  0:11  SCV  
  13  0:23  SCV  
  13  0:24  Supply Depot  
  14  0:37  SCV  
  15  0:51  SCV  
  16  1:08  SCV  
  16  1:11  Refinery  
  17  1:41  SCV  
  18  1:49  Refinery  
  18  1:53  SCV  
  19  2:05  SCV  
  20  2:27  SCV  
  21  2:39  SCV  
Show
View Real Time Build Order
Export as new Build Order

BDK Zerg 

Build Orders: Pool First 

Get SALT Encoding   

  12  0:03  Drone  
  13  0:13  Drone  
  14  0:15  Overlord  
  14  0:31  Extractor, Drone  
  14  0:33  Drone  
  15  0:45  Spawning Pool  
  15  0:46  Drone  
  15  0:54  Drone  
  16  0:58  Drone  
  17  1:13  Drone  
  18  1:22  Hatchery  
  17  1:31  Metabolic Boost  
  17  1:33  Zergling x4  
  17  1:38  Queen  
  21  1:50  Zergling x2  
  22  1:56  Overlord  
  22  2:18  Zergling x4  
  24  2:31  Zergling x2  
  25  2:38  Zergling x4  
  25  2:43  Lair  
  27  2:46  Extractor  
  26  2:52  Zergling x6  
  26  2:53  Zergling x4  
  26  3:20  Drone x3  
  26  3:22  Drone  
  26  3:26  Drone x2  
  32  3:30  Queen  
  34  3:37  Drone x2  
  36  3:46  Overlord x2  
  32  4:01  Extractor  
  28  4:03  Extractor  
  28  4:05  Drone x4  
  28  4:06  Drone  
  28  4:09  Spire  
  30  4:13  Hatchery  
  30  4:14  Extractor  
  28  4:17  Drone x2  
  30  4:27  Drone  
  30  4:28  Drone  
  32  4:43  Drone x4  
  32  4:44  Drone  
  32  5:07  Zergling x8  
  32  5:08  Zergling x2  
  35  5:16  Drone x3  
  35  5:17  Drone x2  
  35  5:21  Mutalisk x3  
  40  5:26  Mutalisk x2  
  50  5:31  Mutalisk  
  49  5:44  Mutalisk x3  
  47  5:53  Mutalisk x4  
  32  6:23  Mutalisk  
  32  6:24  Mutalisk x2  
Show
View Real Time Build Order
Export as new Build Order

Gracz Terran 

Build Orders:  

Get SALT Encoding   

  12  0:38  Refinery  
  12  0:41  Refinery  
  12  0:42  SCV  
  13  0:43  Supply Depot  
  13  0:54  SCV  
  14  1:01  Command Center  
  14  1:04  Supply Depot  
  14  1:06  SCV  
  15  1:18  SCV  
  16  1:30  SCV  
  16  1:31  Barracks  
  17  1:34  Barracks  
  17  1:42  SCV  
  17  2:35  Orbital Command  
  17  2:38  Barracks Reactor  
  17  2:39  Barracks Reactor  
  17  2:43  Barracks  
  17  2:47  Barracks  
  17  2:48  SCV  
  18  3:00  SCV  
  18  3:01  Supply Depot  
  18  3:02  Supply Depot  
  18  3:05  Supply Depot  
  19  3:06  SCV  
  20  3:16  Orbital Command  
  20  3:18  SCV  
  21  3:25  Supply Depot  
  21  3:30  SCV  
  21  3:33  Supply Depot  
  22  3:37  Supply Depot  
  22  3:40  Barracks  
  22  3:42  Barracks Reactor  
  22  3:43  Barracks Reactor  
  22  3:45  Barracks  
  22  3:50  Barracks  
  22  3:57  Barracks  
  22  4:01  Barracks  
  22  4:07  Bunker  
  22  4:16  SCV  
  23  4:18  SCV  
  24  4:28  SCV  
  24  4:30  SCV  
  26  4:34  Barracks Reactor  
  26  4:38  Marine x3  
  26  4:39  Marine x7  
  26  4:40  SCV  
  26  4:42  SCV  
  38  4:49  Supply Depot  
  38  4:52  SCV  
  39  4:54  SCV  
  39  4:56  Marine  
  39  4:59  Barracks Reactor  
  41  5:04  SCV  
  41  5:06  Barracks Reactor, SCV  
  43  5:07  Supply Depot  
  43  5:08  Marine x8  
  43  5:14  Marine  
  51  5:16  SCV  
  53  5:25  Marine x2  
  53  5:26  Marine x2  
  45  5:56  Marine  
  45  5:57  Marine x7  
  42  5:58  Marine x2  
  51  6:12  Supply Depot  
  39  6:34  Marine x7  
  39  6:35  Marine x4  
  39  6:36  Marine  
  41  6:41  Factory  
  41  6:51  Marine x2  
  41  6:52  Marine x4  
  47  6:54  Marine  
  45  7:06  Command Center  
Show
View Real Time Build Order
Export as new Build Order

Dannysh Terran - Winner!

Build Orders:  

Get SALT Encoding   

  12  0:01  SCV  
  13  0:13  SCV  
  14  0:20  Supply Depot  
  14  0:25  SCV  
  15  0:34  Refinery  
  15  0:41  SCV  
  16  0:53  Barracks, SCV  
  17  1:05  SCV  
  17  1:10  Barracks  
  18  1:18  SCV  
  19  1:30  SCV  
  19  1:32  Barracks  
  20  1:42  Marine, SCV  
  22  1:51  Supply Depot  
  22  1:57  Orbital Command  
  22  2:06  Marine  
  23  2:16  Factory  
  23  2:22  Marine x2  
  24  2:23  Marine  
  26  2:36  SCV  
  27  2:42  Barracks Tech Lab  
  27  2:43  Marine x2  
  29  3:01  Marine x2, Supply Depot  
  29  3:02  Factory Reactor  
  31  3:05  Starport  
  31  3:10  Refinery  
  31  3:23  Marine  
  31  3:25  SCV  
  33  3:28  Supply Depot  
  33  3:32  Stimpack  
  33  3:38  SCV  
  34  4:10  Medivac  
  36  4:24  Barracks Reactor  
  36  4:30  Marine x2  
  38  4:31  Command Center  
  38  4:41  Bunker  
  38  4:43  Engineering Bay  
  38  4:54  Marine x2  
  38  4:55  Medivac  
  42  5:04  Marine  
  43  5:10  Marine  
  43  5:11  Marine  
  43  5:12  Marine  
  46  5:22  Marine  
  47  5:29  Supply Depot  
  47  5:43  Marine x4, Medivac  
  53  6:01  Marine x4  
  57  6:18  Marine x4  
  61  6:36  Marine x4  
  61  6:38  Orbital Command  
  61  6:39  Missile Turret  
  65  6:42  Missile Turret  
  64  6:54  Marine x4  
  68  7:12  Marine x2  
  70  7:29  Supply Depot  
  70  7:37  Marine, Supply Depot  
  70  7:38  Marine x2  
  70  7:40  Marine  
Show
View Real Time Build Order
Export as new Build Order

BoilOver Terran - Winner!

Build Orders:  

Get SALT Encoding   

  12  0:01  SCV  
  13  0:14  SCV  
  14  0:19  Supply Depot  
  14  0:26  SCV  
  15  0:41  SCV  
  16  0:43  Barracks  
  16  0:53  SCV  
  17  0:58  Barracks  
  17  1:05  Refinery, SCV  
  17  1:09  Refinery  
  18  1:17  SCV  
  19  1:29  SCV  
  20  1:33  Marine  
  21  1:41  Orbital Command  
  21  1:48  Marine, Supply Depot  
  21  1:52  Marine  
  23  2:02  Factory  
  23  2:06  Barracks Tech Lab  
  23  2:11  SCV  
  23  2:14  Barracks Reactor  
  24  2:24  SCV  
  24  2:27  Supply Depot  
  25  2:30  Marine  
  25  2:31  Stimpack  
  25  2:36  SCV  
  27  2:47  Marine  
  27  2:48  SCV  
  27  2:51  Starport  
  29  2:52  Marine  
  29  2:54  Marine  
  31  3:00  SCV  
  31  3:02  Supply Depot  
  31  3:05  Factory Reactor  
  32  3:09  Marine  
  32  3:10  Marine  
  34  3:13  SCV  
  34  3:17  Marine  
  36  3:25  Supply Depot  
  36  3:27  Marine, SCV  
  36  3:32  Marine  
  39  3:35  Marine  
  39  3:39  SCV  
  41  3:50  Marine  
  41  3:51  Medivac x2  
  41  3:52  Marine, SCV  
  41  3:53  Marine  
  49  3:58  Supply Depot  
  49  4:09  Factory Reactor  
  49  4:10  Marine  
  49  4:11  Marine  
  49  4:13  Marine  
  52  4:21  SCV  
  53  4:25  Liberator  
  53  4:35  Marine x2  
  53  4:37  Command Center  
  53  4:38  Marine  
  59  4:46  Medivac  
  61  5:02  Marine x2  
  63  5:08  Marine  
  63  5:47  Widow Mine  
  63  5:48  Widow Mine  
  64  6:00  Marine x3  
  67  6:18  Marine  
  65  6:46  Marine  
  66  6:47  Marine x2  
  68  6:55  Barracks, Medivac x2  
  68  6:57  Barracks, Command Center  
  72  7:04  Marine  
  72  7:05  Marine  
  74  7:09  Marine  
  75  7:16  Barracks  
  75  7:25  Widow Mine  
  77  7:31  Widow Mine  
  77  7:35  Supply Depot  
  77  7:36  Engineering Bay  
  79  7:39  Orbital Command  
  79  7:40  Engineering Bay  
  68  8:01  Barracks Reactor  
Show
View Real Time Build Order
Export as new Build Order

Kabelino Terran - Winner!

Build Orders:  

Get SALT Encoding   

  12  0:02  SCV  
  13  0:14  SCV  
  14  0:25  Supply Depot  
  14  0:26  SCV  
  15  0:35  Refinery  
  15  0:46  SCV  
  15  0:49  Barracks  
  16  0:56  Refinery  
  16  1:01  SCV  
  17  1:14  SCV  
  18  1:26  SCV  
  19  1:38  Barracks Reactor  
  20  1:41  Orbital Command  
  20  1:43  Factory  
  19  2:36  Hellion x2  
  22  2:37  Supply Depot  
  22  2:38  Marine  
  23  2:48  Starport  
  23  2:56  SCV  
  23  2:57  Hellion x2  
  28  3:00  Marine  
  29  3:19  Hellion  
  31  3:25  Medivac  
  33  3:29  Armory  
  33  3:45  Engineering Bay  
  27  4:09  Liberator  
  27  4:12  Hellion x2  
  27  4:14  Missile Turret  
  31  4:25  Bunker  
  34  4:40  Widow Mine x2  
  38  4:48  SCV  
  39  5:28  Starport Reactor  
  39  5:43  Command Center  
  39  5:47  Supply Depot  
  39  5:48  Supply Depot  
  39  5:50  Liberator  
  39  6:02  Widow Mine x2  
  39  6:03  Marine, SCV  
  38  6:15  SCV  
  39  6:22  Liberator  
  39  6:23  Marine  
  40  6:33  Liberator  
  43  6:51  SCV  
  47  7:06  Marine, Widow Mine x2  
  52  7:12  Missile Turret  
  52  7:19  Orbital Command  
  55  7:38  SCV  
  56  7:50  SCV  
Tags
 
Add a new tag
Caveats
  • Supply blocks, unpowered buildings, or Contaminate may cause inaccurate times.
  • Supply counts are checked every 10 seconds.